[Event "ICC tourney 2000 (30 10)"]
[Site "Internet Chess Club"]
[Date "2020.09.12"]
[Round "4"]
[White "HeJustin"]
[Black "BunnyGambit"]
[Result "1-0"]
[ICCResult "Black checkmated"]
[WhiteElo "1608"]
[BlackElo "1493"]
[Opening "Sicilian: Hungarian variation"]
[ECO "B34"]
[NIC "SI.43"]
[Time "17:01:40"]
[TimeControl "1800+10"]

1. e4 c5 2. Nf3 g6 3. d4 cxd4 4. Nxd4 Bg7 5. Nc3 Nc6 6. Be3 Nf6 7. f3 O-O 8.
Qd2 d5 9. exd5 Nxd5 10. Nxc6 bxc6 11. Nxd5 cxd5 12. c3 Rb8 13. Rb1 Bf5 14.
Bd3 Qd7 15. Bxf5 Qxf5 16. O-O Rfd8 17. Rfd1 Qd7 18. Qc2 Rbc8 19. Qf2 Rc4 20.
Rd2 Qb7 21. Rbd1 Qa6 22. Rxd5 Rxd5 23. Rxd5 Rc8 24. a3 Qb7 25. Qd2 Qc7 26.
Rd7 Qa5 27. Rxa7 Qe5 28. Rd7 Qe6 29. h3 f5 30. Qd5 Kf7 31. Qxe6+ Kxe6 32.
Rb7 Bf6 33. a4 Ra8 34. Rb4 Be5 35. Bd4 Bd6 36. Rc4 Kd5 37. b3 Rb8 38. a5
Rxb3 39. Ra4 Rb8 40. a6 Bg3 41. Kf1 Rb1+ 42. Ke2 Rb8 43. a7 Ra8 44. Rb4 h6
45. Ke3 Kc6 46. f4 Kc7 47. Be5+ Kc8 48. Rb8+ Rxb8 49. axb8=Q+ Kd7 50. Qc7+
Ke6 51. Kd4 Bf2+ 52. Kd3 Kf7 53. Bd6 Ke6 54. Qxe7+ Kd5 55. c4+ Kc6 56. Qc7#
{Black checkmated}
1-0

[Event "ICC tourney 2000 (30 10)"]
[Site "Internet Chess Club"]
[Date "2020.09.12"]
[Round "4"]
[White "sillytiger"]
[Black "chessboy2020"]
[Result "0-1"]
[ICCResult "White checkmated"]
[WhiteElo "1331"]
[BlackElo "1504"]
[Opening "English opening"]
[ECO "A16"]
[NIC "EO.64"]
[Time "17:01:55"]
[TimeControl "1800+10"]

1. c4 Nf6 2. Nc3 g6 3. g3 Bg7 4. Bg2 O-O 5. Nf3 d6 6. O-O e5 7. d3 Nbd7 8.
Bd2 a5 9. Ng5 h6 10. Nge4 Ne8 11. Nd5 c6 12. Ne3 f5 13. Nc3 Nc5 14. Rb1 f4
15. Nc2 g5 16. a3 a4 17. Nb4 Bd7 18. Ne4 Nb3 19. Bc3 Qc8 20. Nd2 Nxd2 21.
Bxd2 Bh3 22. Bc3 Bxg2 23. Kxg2 g4 24. d4 f3+ 25. Kg1 e4 26. d5 c5 27. Bxg7
Nxg7 28. Nc2 Qf5 29. Qd2 Qh5 30. Qc3 Qh3 31. Ne3 Nf5 32. exf3 exf3 33. Qd2
Nd4 34. Qd3 Rf5 35. Rbe1 Kh8 36. Kh1 Rh5 37. Nxg4 Qg2# {White checkmated}
0-1

[Event "ICC tourney 2000 (30 10)"]
[Site "Internet Chess Club"]
[Date "2020.09.12"]
[Round "4"]
[White "ramennoodle"]
[Black "challenger2010"]
[Result "1-0"]
[ICCResult "Black checkmated"]
[WhiteElo "1922"]
[BlackElo "1902"]
[Opening "Sicilian defense"]
[ECO "B20"]
[NIC "SI.48"]
[Time "17:01:41"]
[TimeControl "1800+10"]

1. e4 c5 2. c4 e6 3. Nc3 Nc6 4. g3 g6 5. Bg2 h5 6. h3 Bg7 7. Nge2 Nge7 8. d3
O-O 9. Be3 Nd4 10. Rb1 Nec6 11. a3 h4 12. g4 Ne5 13. Bxd4 cxd4 14. Nxd4 Nxg4
15. hxg4 Bxd4 16. Qd2 Bf6 17. f4 g5 18. f5 Qc7 19. Rh3 a6 20. d4 d6 21. Rc1
Qd8 22. Rd3 Re8 23. Kd1 e5 24. Nd5 Bg7 25. Rf3 exd4 26. Kc2 b5 27. Kb1 bxc4
28. f6 Bh6 29. Rxc4 Be6 30. Rxd4 Rb8 31. Rfd3 Kh8 32. Qc3 Qd7 33. Ne7 Rxe7
34. fxe7 Qxe7 35. Rb4+ Bg7 36. Rxb8+ Kh7 37. Qc2 Be5 38. Rdb3 Qf6 39. Rf3
Qe7 40. Rf5 Bg7 41. e5 Kh6 42. exd6 Qxd6 43. Rb7 f6 44. Rxf6+ Bxf6 45. Qh7#
{Black checkmated}
1-0

[Event "ICC tourney 2000 (30 10)"]
[Site "Internet Chess Club"]
[Date "2020.09.12"]
[Round "4"]
[White "MikeWMason"]
[Black "madrigal"]
[Result "1-0"]
[ICCResult "Black resigns"]
[WhiteElo "1809"]
[BlackElo "1616"]
[Opening "Sicilian: Najdorf, 7...Be7"]
[ECO "B98"]
[NIC "SI.09"]
[Time "17:01:41"]
[TimeControl "1800+10"]

1. e4 c5 2. Nf3 d6 3. d4 cxd4 4. Nxd4 Nf6 5. Nc3 a6 6. Bg5 e6 7. f4 Be7 8.
Qf3 Nc6 9. O-O-O Qc7 10. g4 h6 11. Bh4 Bd7 12. Bg3 e5 13. Nf5 Bxf5 14. gxf5
Nd4 15. Qd3 Nh5 16. fxe5 dxe5 17. Nd5 Qd6 18. Nxe7 Qxe7 19. Bxe5 Qxe5 20.
Qxd4 Qf4+ 21. Qd2 Qe5 22. Qd7+ Kf8 23. Qd6+ Qxd6 24. Rxd6 Re8 25. Bg2 Nf6
26. Re1 Ng4 27. h3 Ne5 28. Red1 Ke7 29. Rb6 Rb8 30. b3 Rhc8 31. Kb2 Nc6 32.
Rd5 Rc7 33. c4 Rd8 34. Rxd8 Kxd8 35. Kc3 Kc8 36. Kd3 Rd7+ 37. Ke3 Kc7 38. c5
Re7 39. b4 Re5 40. b5 Rxc5 41. Rxc6+ bxc6 42. bxa6 Ra5 43. Bf1 Rxa2 44. Bc4
f6 45. Bxa2 Kb6 46. Bc4 Ka7 47. Kd4 Kb6 48. Be2 {Black resigns} 1-0

[Event "ICC tourney 2000 (30 10)"]
[Site "Internet Chess Club"]
[Date "2020.09.12"]
[Round "4"]
[White "orwind"]
[Black "goodcrowdchess"]
[Result "1-0"]
[ICCResult "Black forfeits on time"]
[WhiteElo "1443"]
[BlackElo "1654"]
[Opening "Ruy Lopez: exchange variation, 5.O-O"]
[ECO "C68"]
[NIC "RL.08"]
[Time "17:01:50"]
[TimeControl "1800+10"]

1. e4 e5 2. Nf3 Nc6 3. Bb5 a6 4. Bxc6 dxc6 5. O-O Bd6 6. d4 exd4 7. Qxd4 f6
8. Nbd2 c5 9. Qd3 Be6 10. b3 Ne7 11. Bb2 O-O 12. Nc4 Ng6 13. Nxd6 Qxd6 14.
Qxd6 cxd6 15. Rad1 Rad8 16. Rd2 Rd7 17. Rfd1 Rfd8 18. h3 Kf7 19. c4 Ke7 20.
Ne1 b5 21. cxb5 axb5 22. Nc2 Ra7 23. Ne3 Rxa2 24. Nf5+ Bxf5 25. exf5 Ne5 26.
f4 Nc6 27. Bxf6+ gxf6 28. Rxa2 d5 29. Re2+ Kf7 30. Rc2 c4 31. bxc4 bxc4 32.
Kf2 Ke7 33. Re2+ Kf7 34. Rc2 Ke7 35. g4 Nb4 36. Rc3 Nd3+ 37. Kf3 Kd6 38. g5
Rg8 39. h4 Re8 40. g6 h5 41. Rg1 {Black forfeits on time} 1-0

[Event "ICC tourney 2000 (30 10)"]
[Site "Internet Chess Club"]
[Date "2020.09.12"]
[Round "4"]
[White "chessmilano"]
[Black "SparkyNinja"]
[Result "1-0"]
[ICCResult "Black forfeits on time"]
[WhiteElo "1732"]
[BlackElo "1488"]
[Opening "Queen's pawn: London system"]
[ECO "A45"]
[NIC "QP.07"]
[Time "17:01:41"]
[TimeControl "1800+10"]

1. d4 Nf6 2. Bf4 e6 3. e3 d5 4. Nf3 Be7 5. h3 O-O 6. c4 Nbd7 7. Bd3 b6 8.
O-O Bb7 9. Nc3 c5 10. dxc5 Nxc5 11. Be2 dxc4 12. Bxc4 Qxd1 13. Rfxd1 a6 14.
a4 Rac8 15. Ne5 Rfd8 16. Ba2 h6 17. Nc4 Rxd1+ 18. Rxd1 Nfd7 19. Nd6 Bxd6 20.
Rxd6 Bc6 21. b3 a5 22. Ne2 Na6 23. Nd4 Nb4 24. Bb1 Nc5 25. Kh2 g5 26. Bg3
{Black forfeits on time}
1-0

[Event "ICC tourney 2000 (30 10)"]
[Site "Internet Chess Club"]
[Date "2020.09.12"]
[Round "4"]
[White "Mapking1"]
[Black "chesslin"]
[Result "1-0"]
[ICCResult "Black resigns"]
[WhiteElo "1702"]
[BlackElo "1923"]
[Opening "King's Indian: 6.Be2"]
[ECO "E91"]
[NIC "KI.19"]
[Time "17:01:42"]
[TimeControl "1800+10"]

1. e4 g6 2. d4 Bg7 3. c4 d6 4. Nc3 Nf6 5. Nf3 O-O 6. Be2 c5 7. d5 e6 8. O-O
exd5 9. exd5 a6 10. Qc2 Bf5 11. Qb3 Bc8 12. h3 Nbd7 13. Bf4 Qc7 14. a4 b6
15. Bh2 Rb8 16. Qa3 Re8 17. Rfe1 Nf8 18. Bd3 Bb7 19. a5 b5 20. cxb5 Nxd5 21.
bxa6 Bc6 22. a7 Rbd8 23. Rxe8 Rxe8 24. Nb5 Bxb5 25. Bxb5 Rd8 26. Bc4 Nb4 27.
Ng5 Qxa7 28. Nxf7 d5 29. Nxd8 dxc4 30. Rc1 Qd7 31. a6 Qxd8 32. a7 Qa8 33.
Bb8 Nd7 34. Qf3 Nc6 35. Qd5+ Kf8 36. Qxd7 Bxb2 37. Re1 {Black resigns} 1-0

[Event "ICC tourney 2000 (30 10)"]
[Site "Internet Chess Club"]
[Date "2020.09.12"]
[Round "4"]
[White "AJ2000"]
[Black "ajedrez7"]
[Result "1/2-1/2"]
[ICCResult "Game drawn by mutual agreement"]
[WhiteElo "1706"]
[BlackElo "1632"]
[Opening "Ruy Lopez: closed, Bogolyubov variation"]
[ECO "C91"]
[NIC "RL.20"]
[Time "17:01:42"]
[TimeControl "1800+10"]

1. e4 e5 2. Nf3 Nc6 3. Bb5 a6 4. Ba4 Nf6 5. O-O b5 6. Bb3 Be7 7. Re1 O-O 8.
c3 d6 9. d4 Bg4 10. Be3 Na5 11. Bc2 Nc4 12. b3 Nxe3 13. Rxe3 Bxf3 14. Qxf3
c5 15. d5 Qd7 16. Nd2 Qg4 17. Bd1 Qxf3 18. Bxf3 Nd7 19. c4 Bg5 20. Rd3 Bxd2
21. Rxd2 Nb6 22. cxb5 axb5 23. Be2 b4 24. g3 Ra7 25. Bb5 Ra3 26. Re1 Rfa8
27. Ree2 Nc8 28. f4 f6 29. fxe5 fxe5 30. Rf2 Ne7 31. Bd7 h6 32. Be6+ Kh7 33.
Kg2 Ng8 34. Bxg8+ Kxg8 35. Kf3 Rf8+ 36. Kg4 Rxf2 37. Rxf2 Ra7 38. h4 Kh7 39.
h5 Kg8 40. Kh4 Rf7 41. Rxf7 Kxf7 42. Kg4 Kf6 43. Kh4 Ke7 44. Kg4 Kf6 45. Kh4
Ke7 46. g4 Kf6 47. g5+ Ke7 48. Kg4 Kf8 49. Kf5 Kf7 50. gxh6 gxh6 51. Kg4 Kf6
52. Kh4 Kg7 53. Kg3 Kf6 54. Kg4 Kg7 {Game drawn by mutual agreement} 1/2-1/2

[Event "ICC tourney 2000 (30 10)"]
[Site "Internet Chess Club"]
[Date "2020.09.12"]
[Round "4"]
[White "Zwish"]
[Black "bonnelleo1"]
[Result "1/2-1/2"]
[ICCResult "Game drawn by mutual agreement"]
[WhiteElo "1951"]
[BlackElo "1918"]
[Opening "Anderssen's opening"]
[ECO "A00"]
[NIC "VO.14"]
[Time "17:01:41"]
[TimeControl "1800+10"]

1. a3 d5 2. Nf3 Nf6 3. c4 c6 4. b3 Bf5 5. Bb2 e6 6. e3 Be7 7. Be2 Nbd7 8.
O-O h6 9. d3 O-O 10. Nbd2 Qb6 11. h3 a5 12. Rb1 c5 13. Ba1 Rfd8 14. Re1 Qc7
15. Rc1 dxc4 16. bxc4 e5 17. Qc2 Bd6 18. Rb1 Nf8 19. Rb5 Bd7 20. Rbb1 Bf5
21. Rb5 Bd7 22. Rb2 Bc6 23. Rbb1 Re8 24. Rec1 Ne6 25. Bf1 Nf8 26. Nh4 g6 27.
Nhf3 N8d7 28. d4 exd4 29. exd4 cxd4 30. Nxd4 Bxa3 31. Rd1 Bc5 32. N2f3 Be4
33. Bd3 Bxd3 34. Qxd3 b6 35. Nb5 Qc6 36. Nfd4 Bxd4 37. Bxd4 Nc5 38. Qg3 Rad8
39. Qf4 Kg7 40. Nc7 Re7 41. Bxf6+ Qxf6 42. Qxf6+ Kxf6 43. Rxd8 Rxc7 44.
Rxb6+ Ne6 45. Ra8 Rxc4 46. Rxa5 Rc1+ 47. Kh2 Rc2 48. Kg3 h5 49. Ra3 Rc4 50.
Rf3+ Kg7 51. Rb5 Nd4 52. Rbb3 Nxb3 53. Rxb3 Ra4 {Game drawn by mutual
agreement} 1/2-1/2

[Event "ICC tourney 2000 (30 10)"]
[Site "Internet Chess Club"]
[Date "2020.09.12"]
[Round "4"]
[White "fascimate"]
[Black "Adityaki05"]
[Result "1/2-1/2"]
[ICCResult "Game drawn by mutual agreement"]
[WhiteElo "1767"]
[BlackElo "1475"]
[Opening "Robatsch (modern) defense"]
[ECO "B06"]
[NIC "KF.05"]
[Time "17:01:45"]
[TimeControl "1800+10"]

1. e4 g6 2. d4 Bg7 3. Nf3 e6 4. Be2 Ne7 5. Nc3 d5 6. e5 O-O 7. Bf4 c5 8. Nb5
Nd7 9. c3 Nc6 10. Qd2 a6 11. Nd6 cxd4 12. cxd4 f6 13. exf6 Nxf6 14. Nxc8 Ne4
15. Ne7+ Qxe7 16. Qe3 Qb4+ 17. Kf1 Bxd4 18. Nxd4 Qxd4 19. Qxd4 Nxd4 20. Bg3
Nxg3+ 21. hxg3 Nxe2 22. Kxe2 Rac8 23. Rac1 Rxc1 24. Rxc1 Rf7 25. f3 Kg7 26.
Kd3 h5 27. Kd4 Kf6 28. Rc8 Rd7 29. f4 Rg7 30. Kc5 g5 31. Rf8+ Ke7 32. Rh8
gxf4 33. gxf4 Rxg2 34. Rh7+ Kf6 35. Rxb7 h4 36. Rh7 Rxb2 37. a4 d4 38. Kxd4
Rb4+ 39. Ke3 Rxa4 40. Rxh4 a5 41. Rh6+ Kf5 42. Rh5+ Kg6 43. Rb5 Ra3+ 44. Kd4
a4 45. Kc5 Rb3 46. Ra5 a3 47. Kd6 Rf3 48. Kxe6 Rxf4 49. Rxa3 Rf6+ 50. Ke5
Rf5+ 51. Ke4 Rf6 52. Ra5 Kg7 53. Ke5 Rg6 54. Ra7+ Kh6 55. Kf5 Rg5+ 56. Kf4
Rg7 57. Ra5 Rf7+ 58. Kg4 Rg7+ 59. Kf4 Kh7 60. Kf5 Rf7+ 61. Kg5 Rg7+ 62. Kh5
Rg1 {Game drawn by mutual agreement} 1/2-1/2

[Event "ICC tourney 2000 (30 10)"]
[Site "Internet Chess Club"]
[Date "2020.09.12"]
[Round "5"]
[White "happyscientist"]
[Black "AJ2000"]
[Result "0-1"]
[ICCResult "White resigns"]
[WhiteElo "1707"]
[BlackElo "1727"]
[Opening "Ruy Lopez: exchange variation, Alapin gambit"]
[ECO "C68"]
[NIC "RL.08"]
[Time "19:02:14"]
[TimeControl "1800+10"]

1. e4 e5 2. Nf3 Nc6 3. Bb5 a6 4. Bxc6 dxc6 5. O-O Bg4 6. h3 h5 7. d3 Bd6 8.
Be3 Qf6 9. Nbd2 Ne7 10. Re1 Bd7 11. Bg5 Qg6 12. Bxe7 Kxe7 13. Kh2 f6 14. Nh4
Qf7 15. Nf5+ Bxf5 16. exf5 Kd7 17. Qf3 e4+ {White resigns} 0-1

[Event "ICC tourney 2000 (30 10)"]
[Site "Internet Chess Club"]
[Date "2020.09.12"]
[Round "5"]
[White "Adityaki05"]
[Black "HeJustin"]
[Result "1-0"]
[ICCResult "Black resigns"]
[WhiteElo "1509"]
[BlackElo "1594"]
[Opening "Benko's opening"]
[ECO "A00"]
[NIC "VO.09"]
[Time "19:02:11"]
[TimeControl "1800+10"]

1. g3 e5 2. Bg2 d5 3. e3 Nc6 4. Ne2 Nf6 5. d4 e4 6. O-O Be7 7. c4 Be6 8.
Nbc3 Nb4 9. a3 Nd3 10. cxd5 Nxc1 11. dxe6 Nxe2+ 12. Qxe2 fxe6 13. Nxe4 Nd5
14. Nc3 Nxc3 15. bxc3 c6 16. Qg4 Qd7 17. Qxg7 O-O-O 18. Bh3 Rdg8 19. Qe5 Bd6
20. Qxe6 Qxe6 21. Bxe6+ Kc7 22. Bxg8 Rxg8 23. e4 c5 24. f4 cxd4 25. cxd4 Re8
26. e5 Bf8 27. Rfc1+ Kb8 28. d5 {Black resigns} 1-0

[Event "ICC tourney 2000 (30 10)"]
[Site "Internet Chess Club"]
[Date "2020.09.12"]
[Round "5"]
[White "challenger2010"]
[Black "MikeWMason"]
[Result "1-0"]
[ICCResult "Black resigns"]
[WhiteElo "1969"]
[BlackElo "1795"]
[Opening "Petrov: Nimzovich attack"]
[ECO "C42"]
[NIC "RG.03"]
[Time "19:02:16"]
[TimeControl "1800+10"]

1. e4 e5 2. Nf3 Nf6 3. Nxe5 d6 4. Nf3 Nxe4 5. Nc3 Nxc3 6. dxc3 Be7 7. Be3
Nc6 8. Qd2 Be6 9. O-O-O Qd7 10. Kb1 O-O-O 11. Nd4 a6 12. g3 Bf6 13. Bg2 Nxd4
14. Bxd4 Kb8 15. Bxf6 gxf6 16. Qd4 f5 17. a4 Rhg8 18. Bf3 d5 19. Qh4 Qc6 20.
Rd4 Qb6 21. Rhd1 c5 22. R4d3 c4 23. Rd4 Qa5 24. Qf4+ Ka8 25. h3 Qxa4 26.
Bxd5 Bxd5 27. Rxd5 Rxd5 28. Rxd5 Re8 29. Rd1 Qb5 30. h4 Qc5 31. Qd4 Qxd4 32.
Rxd4 Re4 33. Rxe4 fxe4 34. Kc1 Kb8 35. Kd2 Kc7 36. Ke3 {Black resigns} 1-0

[Event "ICC tourney 2000 (30 10)"]
[Site "Internet Chess Club"]
[Date "2020.09.12"]
[Round "5"]
[White "BunnyGambit"]
[Black "CheddarCheng1"]
[Result "0-1"]
[ICCResult "White resigns"]
[WhiteElo "1501"]
[BlackElo "1571"]
[Opening "King's Indian: 5.Nf3"]
[ECO "E90"]
[NIC "KI.21"]
[Time "19:02:10"]
[TimeControl "1800+10"]

1. d4 Nf6 2. Nf3 g6 3. c4 Bg7 4. Nc3 d6 5. e4 O-O 6. g3 e5 7. Bg2 Nc6 8. O-O
Nd7 9. a3 exd4 10. Nd5 Nb6 11. Rb1 f5 12. exf5 Bxf5 13. Ra1 Nxc4 14. Qb3
N6a5 15. Qb4 Be4 16. b3 c5 17. Qa4 Bc2 18. Nd2 Nxd2 19. Bxd2 Nxb3 20. Qc4
Nxd2 21. Qxc2 Nxf1 22. Rxf1 Rf5 23. Qb3 Kh8 24. Qxb7 Qb8 25. Ne7 Qxb7 26.
Bxb7 Re5 27. Bxa8 Rxe7 28. Rb1 Re8 29. Bg2 d3 30. Rd1 c4 31. Bf1 Re4 32. Kg2
a5 33. Kf3 d5 34. Kg2 a4 35. f3 Re3 36. Kf2 Bd4 37. Kg2 Bc5 38. Kh3 Bxa3 39.
Ra1 d2 40. Rd1 Bc1 41. Kg2 Re1 42. Rxd2 Bxd2 43. Kf2 a3 {White resigns} 0-1

[Event "ICC tourney 2000 (30 10)"]
[Site "Internet Chess Club"]
[Date "2020.09.12"]
[Round "5"]
[White "marinaxiao"]
[Black "sillytiger"]
[Result "1-0"]
[ICCResult "Black resigns"]
[WhiteElo "1411"]
[BlackElo "1323"]
[Opening "Sicilian: O'Kelly variation"]
[ECO "B28"]
[NIC "SI.43"]
[Time "19:02:15"]
[TimeControl "1800+10"]

1. e4 c5 2. Nf3 a6 3. d4 cxd4 4. Nxd4 Nf6 5. Bd3 e5 6. Nb3 d5 7. exd5 Qxd5
8. O-O Bd6 9. Bg5 Nbd7 10. Nc3 Qe6 11. Re1 O-O 12. Nd4 Qg4 13. Qxg4 Nxg4 14.
Nf5 Bc5 15. Ne4 Bb6 16. h3 Ngf6 17. Ned6 Bc7 18. Ne7+ Kh8 19. Nexc8 Rd8 20.
Nxf7+ Kg8 21. Nxd8 Rxc8 22. Bc4+ Kf8 23. Ne6+ Ke7 24. Nxc7 Rxc7 25. Bb3 Kd6
26. Rad1+ Ke7 27. Bxf6+ gxf6 28. Ba4 Nc5 29. Bb3 b5 30. a3 Nxb3 31. cxb3 Rc2
32. Rc1 Rxb2 33. Rc6 a5 34. Ra6 Rxb3 35. Rxa5 Kd6 36. a4 b4 37. Rb5 Kc6 38.
Rc1+ Kd6 39. a5 Rb2 40. a6 b3 41. a7 Ra2 42. Rb7 b2 43. Rxb2 Rxb2 44. a8=Q
{Black resigns}
1-0

[Event "ICC tourney 2000 (30 10)"]
[Site "Internet Chess Club"]
[Date "2020.09.12"]
[Round "5"]
[White "chessmilano"]
[Black "Zwish"]
[Result "0-1"]
[ICCResult "White resigns"]
[WhiteElo "1718"]
[BlackElo "1958"]
[Opening "Queen's pawn: London system"]
[ECO "A45"]
[NIC "QP.07"]
[Time "19:02:08"]
[TimeControl "1800+10"]

1. d4 Nf6 2. Bf4 c5 3. d5 e6 4. c4 b5 5. Nc3 b4 6. Nb5 d6 7. dxe6 Bxe6 8.
Bxd6 Bxd6 9. Nxd6+ Ke7 10. Nb5 Qb6 11. Qb3 Nc6 12. Qg3 Rad8 13. e3 Rd7 14.
e4 Qb8 15. Qg5 Qe5 16. Qxe5 Nxe5 17. f4 Nxc4 18. Bxc4 Bxc4 19. Nd6 Rxd6 20.
e5 Re6 {White resigns} 0-1

[Event "ICC tourney 2000 (30 10)"]
[Site "Internet Chess Club"]
[Date "2020.09.12"]
[Round "5"]
[White "chesslin"]
[Black "orwind"]
[Result "0-1"]
[ICCResult "White resigns"]
[WhiteElo "1918"]
[BlackElo "1448"]
[Opening "Queen's pawn: London system"]
[ECO "A45"]
[NIC "QP.07"]
[Time "19:02:28"]
[TimeControl "1800+10"]

1. d4 Nf6 2. Bf4 d5 3. e3 Bf5 4. c4 e6 5. Nc3 c6 6. Qb3 Qd7 7. Nf3 Be7 8.
cxd5 exd5 9. Nb5 Na6 10. Ne5 Qc8 11. Rc1 O-O 12. Nc3 Rd8 13. Be2 Nc7 14. O-O
Ne6 15. Bg3 Ne4 16. Nxe4 Bxe4 17. Rfd1 f6 18. Nd3 Kh8 19. Bg4 f5 20. Be2 Bd6
21. Nf4 Bxf4 22. Bxf4 Nxf4 23. exf4 g5 24. f3 gxf4 25. fxe4 fxe4 26. Rf1 Rf8
27. Qd1 Qf5 28. Rc3 Rg8 29. Kh1 Rg7 30. Qd2 Rag8 31. Rxf4 Rxg2 {White
resigns} 0-1

[Event "ICC tourney 2000 (30 10)"]
[Site "Internet Chess Club"]
[Date "2020.09.12"]
[Round "5"]
[White "madrigal"]
[Black "che8642"]
[Result "1-0"]
[ICCResult "Black checkmated"]
[WhiteElo "1634"]
[BlackElo "1460"]
[Opening "QGD Slav: 4.e3 Bf5"]
[ECO "D12"]
[NIC "EO.64"]
[Time "19:02:06"]
[TimeControl "1800+10"]

1. c4 c6 2. Nf3 d5 3. e3 Nf6 4. d4 Bf5 5. cxd5 cxd5 6. Qb3 Qc7 7. Bd2 Nc6 8.
Bb5 a6 9. Bxc6+ Qxc6 10. O-O e6 11. Bb4 Bd6 12. Bxd6 Qxd6 13. Rc1 O-O 14.
Nc3 Rac8 15. Na4 Ne4 16. Rxc8 Rxc8 17. Qxb7 Rb8 18. Qa7 h6 19. b3 Rc8 20.
Ne5 Rc7 21. Qb6 Rc6 22. Qxc6 Qb4 23. Qc1 Qb5 24. Nc5 Nf6 25. Qf1 Qb4 26.
Nxa6 Qc3 27. Qe1 Qc2 28. Nc5 Ne4 29. Nxe4 Qxe4 30. a4 f6 31. Nf3 Qg4 32. a5
Be4 33. Qd1 Qg6 34. a6 Qe8 35. a7 Qa8 36. Qc1 Kf7 37. Qc7+ Kg6 38. Nh4+ Kh7
39. Qb8 Qxb8 40. axb8=Q Bd3 41. Ra8 h5 42. Qh8# {Black checkmated} 1-0

[Event "ICC tourney 2000 (30 10)"]
[Site "Internet Chess Club"]
[Date "2020.09.12"]
[Round "5"]
[White "ajedrez7"]
[Black "chessboy2020"]
[Result "0-1"]
[ICCResult "White checkmated"]
[WhiteElo "1616"]
[BlackElo "1526"]
[Opening "Two knights defense (Modern bishop's opening)"]
[ECO "C55"]
[NIC "IG.01"]
[Time "19:02:13"]
[TimeControl "1800+10"]

1. e4 e5 2. Nf3 Nc6 3. Bc4 Nf6 4. d3 Be7 5. O-O O-O 6. Re1 d6 7. c3 Na5 8.
Bb5 a6 9. Ba4 b5 10. Bc2 c5 11. Nbd2 Nc6 12. Nf1 Re8 13. Ng3 h6 14. h3 Be6
15. Be3 Rc8 16. Bb3 Bf8 17. Bxe6 fxe6 18. a3 d5 19. Rc1 Bd6 20. d4 cxd4 21.
cxd4 dxe4 22. dxe5 Bxe5 23. Nxe5 Nxe5 24. Rxc8 Qxc8 25. Bd2 Rd8 26. Qe2 Qc2
27. Bc3 Qxe2 28. Rxe2 Rd1+ 29. Kh2 Nd3 30. Bxf6 gxf6 31. Nxe4 Kg7 32. b4 e5
33. f3 Ra1 34. Re3 Nb2 35. Nc5 Nc4 36. Rc3 Rxa3 37. Rxa3 Nxa3 38. Nxa6 Nc2
39. Nc7 Nd4 40. Nxb5 Nxb5 41. Kg3 f5 42. Kh4 Kg6 43. g4 f4 44. g5 hxg5+ 45.
Kg4 Nc3 46. h4 gxh4 47. Kxh4 Kf5 48. Kh5 e4 49. fxe4+ Kxe4 50. b5 Nxb5 51.
Kh4 Ke3 52. Kh3 Ke2 53. Kg2 f3+ 54. Kh1 f2 55. Kh2 f1=Q 56. Kg3 Qf2+ 57. Kh3
Qg1 58. Kh4 Nd4 59. Kh5 Ne6 60. Kh4 Qg5+ 61. Kh3 Nf4+ 62. Kh2 Qg2#
{White checkmated}
0-1

[Event "ICC tourney 2000 (30 10)"]
[Site "Internet Chess Club"]
[Date "2020.09.12"]
[Round "5"]
[White "Jonjons"]
[Black "Mapking1"]
[Result "0-1"]
[ICCResult "White resigns"]
[WhiteElo "1725"]
[BlackElo "1695"]
[Opening "Grünfeld: 5.e3"]
[ECO "D94"]
[NIC "GI.09"]
[Time "19:02:08"]
[TimeControl "1800+10"]

1. d4 Nf6 2. c4 g6 3. Nc3 d5 4. Nf3 Bg7 5. e3 O-O 6. a3 a6 7. b4 dxc4 8.
Bxc4 b5 9. Bd3 Bb7 10. Bb2 Nbd7 11. Rc1 Re8 12. O-O e5 13. Nxe5 Nxe5 14.
dxe5 Rxe5 15. Qc2 Re7 16. Rfd1 Qe8 17. Ne2 Rxe3 18. fxe3 Qxe3+ 19. Kh1 Ng4
20. Qc5 Bxb2 21. Qxe3 Nxe3 22. Rxc7 Nxd1 23. Rxb7 Nf2+ 24. Kg1 Nxd3
{White resigns}
0-1

[Event "ICC tourney 2000 (30 10)"]
[Site "Internet Chess Club"]
[Date "2020.09.12"]
[Round "5"]
[White "tortorchess"]
[Black "michaelxiao"]
[Result "1-0"]
[ICCResult "Black checkmated"]
[WhiteElo "1485"]
[BlackElo "1352"]
[Opening "Queen's pawn: Chigorin variation"]
[ECO "D00"]
[NIC "QP.08"]
[Time "19:02:13"]
[TimeControl "1800+10"]

1. d4 d5 2. Nc3 Nf6 3. Bf4 e6 4. a3 Bd6 5. Bxd6 cxd6 6. Nf3 e5 7. dxe5 dxe5
8. Nxe5 Be6 9. e3 Nc6 10. Bb5 Qc7 11. Bxc6+ bxc6 12. Nf3 Rb8 13. Rb1 Bg4 14.
O-O O-O 15. h3 Bh5 16. Re1 Rbd8 17. b4 Rfe8 18. b5 cxb5 19. Nxb5 Qc5 20. a4
Ne4 21. Rc1 a6 22. Nbd4 Nc3 23. Qd3 Rd6 24. Ra1 Bg6 25. Qd2 Qc4 26. a5 Ne4
27. Qe2 Qc7 28. Rec1 f5 29. c4 dxc4 30. Qxc4+ Qxc4 31. Rxc4 Rb8 32. Rac1 Rb2
33. Ne5 h6 34. f3 Ng3 35. Kh2 Nh5 36. Rc6 Rxc6 37. Rxc6 Be8 38. Rxa6 f4 39.
Nd3 Rd2 40. Ra8 fxe3 41. Rxe8+ Kf7 42. Rxe3 Ra2 43. Ne5+ Kf6 44. Nd7+ Kg6
45. Ne5+ Kf6 46. Nc4 Nf4 47. Re4 Nxg2 48. Re2 Ra4 49. Rxg2 Rxc4 50. Ra2 Rxd4
51. a6 Rd8 52. a7 Ra8 53. Kg3 Ke7 54. Kh4 Kf6 55. Kg4 g5 56. h4 gxh4 57.
Kxh4 Kf5 58. Ra4 Kg6 59. Kg4 Kh7 60. Kh5 Kg7 61. Ra6 Kf7 62. Kxh6 Ke7 63. f4
Kd7 64. f5 Kc7 65. Ra2 Kb7 66. f6 Kc7 67. f7 Kd7 68. f8=Q Rxf8 69. a8=Q Rxa8
70. Rxa8 Ke6 71. Ra5 Kd6 72. Kg6 Ke6 73. Rf5 Kd6 74. Kf6 Kc6 75. Re5 Kd6 76.
Kf5 Kd7 77. Re6 Kc7 78. Ke5 Kd7 79. Kd5 Kc7 80. Rd6 Kb7 81. Rc6 Ka7 82. Kc5
Kb7 83. Kb5 Ka7 84. Rc7+ Kb8 85. Kb6 Ka8 86. Rc8# {Black checkmated} 1-0

[Event "ICC tourney 2000 (30 10)"]
[Site "Internet Chess Club"]
[Date "2020.09.12"]
[Round "5"]
[White "goodcrowdchess"]
[Black "che2468"]
[Result "0-1"]
[ICCResult "White checkmated"]
[WhiteElo "1656"]
[BlackElo "1518"]
[Opening "Sicilian: Taimanov variation"]
[ECO "B46"]
[NIC "SI.41"]
[Time "19:02:35"]
[TimeControl "1800+10"]

1. e4 c5 2. Nf3 e6 3. d4 cxd4 4. Nxd4 a6 5. Nc3 Nc6 6. Be2 Be7 7. O-O b5 8.
Be3 Bb7 9. a3 Nf6 10. Bf3 Qc7 11. Qd2 O-O 12. Rad1 Ne5 13. Bf4 d6 14. Rfe1
Nc4 15. Qc1 e5 16. b3 Nb6 17. Bg3 exd4 18. Ne2 Nxe4 19. Nxd4 Nxg3 20. Bxb7
Qxb7 21. hxg3 Bf6 22. Nf5 d5 23. Rd3 Qd7 24. Qf4 Rfe8 25. Rxe8+ Rxe8 26. Qg4
Re5 27. Nh6+ Kf8 28. Qxd7 Nxd7 29. Ng4 Rg5 30. Nxf6 Nxf6 31. f4 Rg6 32. Rc3
Ne4 33. Rd3 Rxg3 34. Rxd5 Rc3 35. Rd8+ Ke7 36. Ra8 Rxc2 37. Rxa6 Rc3 38. b4
Nd6 39. Ra5 Rc4 40. g3 Rc3 41. Kh2 f6 42. Ra7+ Kf8 43. Ra8+ Kf7 44. Ra7+ Kg6
45. Ra6 Ne4 46. g4 Rg3 47. g5 Rg4 48. gxf6 gxf6 49. Rb6 Rxf4 50. Rxb5 Rf2+
51. Kg1 h5 52. a4 h4 53. a5 h3 54. a6 h2+ 55. Kh1 Ng3# {White checkmated}
0-1